 Dungeon Crawl Stone Soup version 0.20.1-1-g8b1a95d (console) character file.

452 bli the Skirmisher (level 7, -13/55 HPs)
             Began as a Formicid Abyssal Knight on July 28, 2017.
             Was a Priest of Lugonu.
             Mangled by an ogre
             ... wielding a +0 giant club
              (25 damage)
             ... on level 4 of the Dungeon.
             The game lasted 00:14:58 (3366 turns).

bli the Skirmisher (Formicid Abyssal Knight)        Turns: 3366, Time: 00:14:59

Health: -13/55     AC:  8    Str: 17    XL:     7   Next: 25%
Magic:  8/8        EV: 10    Int: 18    God:    Lugonu [***...]
Gold:   167        SH:  7    Dex: 11    Spells: 6/6 levels left

rFire    . . .     SeeInvis +   a - +1 hand axe
rCold    . . .     Gourm    +   J - +0 shield
rNeg     . . .     Faith    .   o - +0 leather armour (curse)
rPois    .         Spirit   .   (helmet unavailable)
rElec    .         Reflect  .   B - +0 cloak
rCorr    .         Harm     .   g - +2 pair of gloves
MR       .....                  n - +0 pair of boots
Stlth    +.........             r - amulet of the gourmand
Regen    0.2/turn               q - +6 ring of intelligence
MPRegen  0.2/turn               (no ring)

@: no status effects
A: permanent stasis, dig shafts and tunnels, four strong arms, antennae 3
a: Dig, Shaft Self, Depart the Abyss, Bend Space, Banish, Renounce Religion


You were on level 4 of the Dungeon.
You worshipped Lugonu.
Lugonu was most pleased with you.
You were very full.

You visited 1 branch of the dungeon, and saw 4 of its levels.
You visited the Abyss 1 time.

You collected 167 gold pieces.

Inventory:

Hand Weapons
 a - a +1 hand axe (weapon)
 e - a +0 mace
 A - a +2 quarterstaff of chaos
 H - a +0 great sword
Missiles
 i - 71 stones (quivered)
 m - 7 tomahawks of returning
Armour
 b - a +0 leather armour
 g - a +2 pair of gloves (worn)
 n - a +0 pair of boots (worn)
 o - a cursed +0 leather armour (worn)
 u - a +0 chain mail
 B - a +0 cloak (worn)
 E - a +0 scale mail
 F - a +0 scale mail
 G - a +0 ring mail
 J - a +0 shield (worn)
Magical Staves
 L - an uncursed staff of power
Jewellery
 q - a +6 ring of intelligence (left hand)
 r - an amulet of the gourmand (around neck)
Scrolls
 d - 8 scrolls of identify {unknown}
 h - 2 scrolls of teleportation {unknown}
 k - 3 scrolls of remove curse {unknown}
 t - 3 scrolls of magic mapping {unknown}
 x - a scroll of enchant weapon {unknown}
 y - a scroll of amnesia {unknown}
 D - 2 scrolls of blinking {unknown}
 I - a scroll of enchant armour {unknown}
Potions
 f - a potion of resistance {unknown}
 j - 2 potions of lignification {unknown}
 l - a potion of agility
 s - a potion of cancellation {unknown}
 v - 2 potions of flight {unknown}
 w - a potion of berserk rage {unknown}
 C - a potion of curing
Comestibles
 c - 4 bread rations
 p - 3 royal jellies
 z - 2 meat rations


   Skills:
 * Level 4.8 Fighting
 + Level 4.7 Axes
 + Level 3.4 Armour
 + Level 2.8 Dodging
 + Level 1.5 Stealth
 + Level 1.0 Shields
 + Level 2.2 Invocations


You had 6 spell levels left.
You didn't know any spells.

Dungeon Overview and Level Annotations

Branches:
Dungeon (4/15)
 Temple: D:4-7

Altars:
Gozag
Kikubaaqudgha
Qazlal

Annotations:
D:4 Ijyb; equalderp2856's ghost, novice MiFi


Innate Abilities, Weirdness & Mutations

You cannot be hasted, slowed, berserked, paralysed or teleported.
You can dig through walls and to a lower floor.
Your four strong arms can wield two-handed weapons with a shield.
You have a pair of large antennae on your head. (SInv)


Message History

The ogre hits you with a giant club!
You hit the ogre.
The ogre is moderately wounded.
The ogre hits you but does no damage.
You slash the ogre!
The ogre is heavily wounded.
The ogre barely misses you.
You hit the ogre.
The ogre is severely wounded.
The ogre hits you with a giant club!
You hit the ogre.
The ogre is severely wounded.
The ogre hits you with a giant club!
* * * LOW HITPOINT WARNING * * *
You hit the ogre.
The ogre is almost dead.
You hit the ogre.
The ogre is almost dead.
The ogre hits you with a giant club!!
You die...

#......### #........ #........
+........ #.##.......# {
#.##.......# #.##......O# .. ....
#.##......@# .... #+#...
#.##.......##..... #.#...
#.########..'..... #.#..#
#.#.........#..... #.#..#
#######.#.#######.##########.#..#
#......>........................#
#.............................<..
#.........#######.#####...##....#
#.........# #.....# #...##.#..#
#.........# #.....#####...##.#..#
#########.# +.........#...##<#..#


You could see an ogre.

Vanquished Creatures
  Sigmund (D:3)
  A bullfrog (D:3)
  A hound (D:4)
  Crazy Yiuf (D:2)
  An orc wizard (D:3)
  A worker ant (D:4)
  Terence (D:2)
  2 adders
  3 dart slugs
  A leopard gecko (D:2)
  9 orcs
  3 giant cockroaches
  9 hobgoblins
  2 jackals (D:3)
  A quokka (D:2)
  9 bats
  6 frilled lizards
  7 goblins
  6 kobolds
  A leopard gecko zombie (D:4)
  15 rats
81 creatures vanquished.

Notes
Turn   | Place    | Note
-------+----------+-------------------------------------------
     0 | Abyss:1  | bli the Formicid Abyssal Knight began the quest for the Orb.
     0 | Abyss:1  | Reached XP level 1. HP: 18/18 MP: 2/2
   109 | D:1      | Escaped the Abyss
   292 | D:1      | Reached XP level 2. HP: 19/24 MP: 3/3
   617 | D:1      | Reached ** piety under Lugonu
   624 | D:1      | You fall through a shaft!
   641 | D:2      | Reached XP level 3. HP: 23/30 MP: 4/4
   853 | D:2      | Reached skill level 1 in Dodging
   929 | D:2      | Noticed Terence
   943 | D:2      | Killed Terence
   943 | D:2      | Reached XP level 4. HP: 21/37 MP: 5/5
  1407 | D:2      | Found a runed door.
  1413 | D:2      | Noticed Crazy Yiuf
  1432 | D:2      | Killed Crazy Yiuf
  1432 | D:2      | Reached XP level 5. HP: 7/42 MP: 0/6
  1707 | D:3      | Noticed Sigmund
  1723 | D:3      | Killed Sigmund
  1723 | D:3      | Reached skill level 1 in Stealth
  1723 | D:3      | Reached XP level 6. HP: 36/49 MP: 7/7
  1788 | D:3      | Found a stormy altar of Qazlal.
  2174 | D:3      | Reached XP level 7. HP: 41/55 MP: 8/8
  2297 | D:3      | Found an opulent altar of Gozag.
  2347 | D:3      | Reached *** piety under Lugonu
  2578 | D:4      | Noticed Ijyb
  2578 | D:4      | Noticed equalderp2856's ghost (novice MiFi)
  2950 | D:4      | Found an ancient bone altar of Kikubaaqudgha.
  3156 | D:4      | Reached skill level 1 in Shields
  3366 | D:4      | Mangled by an ogre

Skill      XL: |  1  2  3  4  5  6  7 |
---------------+----------------------+-----
Fighting       | 4 |  4.8
Dodging        | 1 2 |  2.8
Axes           | 3 4 |  4.7
Armour         | 3 |  3.4
Stealth        | 1 |  1.5
Shields        | 1 |  1.0
Invocations    | |  2.2

Action                   |  1- 3 |  4- 6 |  7- 9 || total
-------------------------+-------+-------+-------++-------
Melee: Hand axe          |   101 |   133 |    67 ||   301
 Abil: Shaft Self        |     1 |       |       ||     1
       Dig               |       |     5 |     1 ||     6
  Use: Potion            |       |     2 |       ||     2
 Stab: Sleeping          |       |     1 |     1 ||     2
  Eat: Chunk             |     7 |    11 |     3 ||    21
Armor: Leather armour    |    61 |    50 |    29 ||   140
Dodge: Dodged            |    70 |    78 |    26 ||   174
Block: Shield            |       |       |    16 ||    16
